Map: Lerilak Crest

Players

EJK - Winner!

  • Race: Terran Terran
  • League: Master

Ninja

  • Race: Zerg Zerg

Event: Gauntlet LotV Series 1 Qualifier 1

VOD

Have the link to the VOD?

Description

Time

  • Played on: Nov. 22, 2015, 5:03 p.m.
  • Length: 9:56

All games in this series

Show
View Real Time Build Order
Export as new Build Order

EJK Terran - Winner!

Build Orders: Reaper Expand, Mech 

Get SALT Encoding   

  12  0:00  SCV  
  13  0:12  SCV  
  14  0:18  Supply Depot  
  14  0:25  SCV  
  15  0:40  SCV  
  15  0:41  Barracks  
  16  0:45  Refinery  
  16  0:52  SCV  
  18  1:04  SCV  
  18  1:16  SCV  
  19  1:30  Reaper, Orbital Command  
  20  1:40  Command Center  
  20  1:49  Refinery  
  20  1:56  SCV  
  20  2:01  Supply Depot  
  21  2:02  Reaper  
  21  2:08  SCV  
  23  2:22  SCV  
  24  2:24  Factory  
  24  2:34  SCV  
  25  2:41  Barracks Reactor  
  25  2:47  SCV  
  26  2:54  Orbital Command  
  26  2:59  SCV  
  27  3:11  SCV  
  28  3:20  Factory Tech Lab, Marine x2  
  28  3:23  SCV  
  30  3:28  Starport  
  30  3:31  SCV  
  30  3:32  Bunker  
  31  3:35  SCV  
  31  3:38  Marine x2  
  31  3:39  Siege Tank  
  36  3:50  Supply Depot, Bunker  
  36  3:57  Marine x2  
  35  4:04  Engineering Bay  
  35  4:08  Medivac  
  37  4:14  Siege Tank  
  37  4:15  Marine x2  
  42  4:24  Orbital Command  
  42  4:29  Supply Depot  
  41  4:33  Marine x2  
  41  4:35  Command Center  
  41  4:38  Supply Depot  
  43  4:52  SCV x2  
  45  4:57  Marine  
  45  4:58  Bunker, Marine  
  47  5:04  SCV x2  
  47  5:06  Siege Tank  
  53  5:14  Viking  
  53  5:15  Marine x2  
  53  5:19  SCV x2  
  56  5:31  SCV x2  
  58  5:36  Liberator  
  58  5:43  SCV x2, Refinery  
  58  5:44  Refinery  
  58  5:48  SCV  
  59  5:55  SCV x2  
  64  5:59  Factory  
  64  6:00  Factory  
  64  6:01  Barracks Tech Lab  
  64  6:02  Orbital Command  
  64  6:09  Hellion  
  68  6:11  Hellion  
  67  6:19  Liberator  
  67  6:20  SCV x2  
  69  6:26  Orbital Command  
  69  6:30  Hellion  
  69  6:32  Hellion  
  72  6:37  SCV x2  
  77  6:52  Supply Depot, Infernal Pre-Igniter  
  77  6:58  Engineering Bay  
  77  6:59  SCV x3  
  77  7:01  Supply Depot  
  80  7:03  Armory  
  80  7:06  Cyclone  
  80  7:07  Refinery  
  83  7:12  Refinery  
  83  7:14  SCV x3  
  86  7:16  Cyclone  
  86  7:18  Hellion  
  86  7:19  Hellion  
  93  7:26  SCV x2  
  93  7:29  Supply Depot  
  95  7:30  SCV  
  95  7:36  Factory  
  96  7:38  SCV, Factory  
  96  7:39  SCV  
  96  7:42  SCV  
  99  7:51  Cyclone x2  
  105  7:53  Supply Depot  
  105  8:05  SCV, Hellion x2  
  108  8:10  Supply Depot  
  109  8:15  SCV x2  
  109  8:16  Supply Depot  
  111  8:23  Cyclone, Liberator  
  111  8:24  SCV, Factory Tech Lab  
  111  8:25  Factory Reactor  
  112  8:27  SCV x2  
  112  8:29  Supply Depot  
  112  8:30  Supply Depot  
  112  8:31  Hellion  
  112  8:34  Supply Depot  
  116  8:39  Supply Depot  
  119  8:45  Cyclone x2  
  125  8:55  Cyclone  
  123  9:06  Hellion x4  
  131  9:17  Cyclone x2  
  131  9:19  Supply Depot  
  131  9:22  Supply Depot  
  137  9:26  Command Center  
  137  9:27  SCV x2  
  139  9:34  Hellion  
Show
View Real Time Build Order
Export as new Build Order

Ninja Zerg 

Build Orders: Hatch First 

Get SALT Encoding   

  12  0:01  Drone  
  13  0:12  Overlord  
  13  0:17  Drone  
  14  0:31  Drone x2  
  14  0:35  Drone  
  17  0:55  Hatchery, Drone  
  17  0:58  Extractor  
  16  1:10  Spawning Pool  
  15  1:13  Drone  
  15  1:17  Drone  
  17  1:23  Drone  
  18  1:28  Overlord  
  18  1:40  Drone  
  19  1:52  Drone  
  20  1:57  Queen  
  20  2:00  Zergling x2  
  23  2:04  Metabolic Boost  
  23  2:06  Queen  
  25  2:11  Zergling x2  
  25  2:14  Zergling x2  
  27  2:33  Drone x2, Overlord  
  27  2:34  Drone  
  29  2:43  Queen  
  30  2:48  Queen  
  32  2:55  Zergling x8  
  36  3:03  Zergling x2  
  35  3:15  Zergling x6  
  35  3:16  Zergling x4  
  35  3:17  Zergling x4  
  35  3:19  Zergling x4  
  43  3:23  Zergling x2  
  43  3:28  Zergling x2  
  43  3:35  Zergling x2  
  43  3:40  Overlord  
  44  3:48  Hatchery  
  43  3:58  Drone  
  43  4:00  Drone  
  43  4:01  Drone x3  
  47  4:07  Drone x2  
  49  4:13  Drone x2  
  49  4:15  Drone  
  47  4:18  Drone  
  47  4:20  Drone  
  42  4:27  Zergling x4  
  42  4:28  Zergling x2  
  43  4:40  Extractor x2  
  43  4:41  Drone x3  
  44  4:50  Overlord  
  44  4:52  Zergling x6  
  47  4:54  Extractor  
  46  5:00  Drone  
  46  5:06  Hatchery  
  43  5:11  Zergling x4  
  45  5:19  Drone  
  45  5:20  Drone x8  
  51  5:30  Lair  
  51  5:37  Evolution Chamber  
  51  5:38  Evolution Chamber  
  51  5:41  Zergling x6  
  45  5:44  Zergling x2  
  41  5:54  Drone x2  
  41  5:56  Drone  
  44  5:58  Drone  
  44  6:02  Drone  
  44  6:03  Drone  
  47  6:04  Drone  
  45  6:22  Zergling x8  
  45  6:23  Zergling x2  
  47  6:32  Overlord  
  45  6:35  Drone  
  45  6:36  Drone  
  45  6:39  Zergling x2  
  46  6:59  Spire  
  45  7:04  Drone x5  
  45  7:06  Drone  
  45  7:08  Drone  
  52  7:13  Drone x2  
  52  7:14  Drone  
  55  7:34  Overlord  
  55  7:40  Baneling Nest  
  54  7:46  Drone x2  
  54  7:48  Overlord x2  
  54  7:49  Overlord  
  54  7:50  Zerg Ground Armor Level 1  
  54  7:51  Zerg Melee Weapons Level 1  
  56  8:03  Queen  
  56  8:06  Extractor  
  56  8:08  Extractor  
  56  8:12  Spore Crawler, Mutalisk  
  53  8:13  Mutalisk x6  
  53  8:17  Zergling x2  
  53  8:18  Zergling x6  
  53  8:19  Mutalisk  
  72  8:28  Mutalisk  
  72  8:34  Drone x7  
  81  8:45  Zergling x2  
  82  8:52  Overlord  
  82  8:53  Mutalisk  
  72  9:03  Mutalisk  
  72  9:07  Mutalisk  
  75  9:17  Drone  
  75  9:18  Drone x2  
  75  9:22  Drone x4  
  75  9:23  Spine Crawler  
  67  9:34  Zergling x4  
  67  9:36  Zergling x2  
  67  9:38  Zergling x2  
Tags
 
Add a new tag
Caveats
  • Supply blocks, unpowered buildings, or Contaminate may cause inaccurate times.
  • Supply counts are checked every 10 seconds.